 Dungeon Crawl Stone Soup version 0.31-a0-237-g2d982f9f85 (webtiles) character file.

Game seed: 18007812134569093482

46099 Mahakala the Bewitcher (level 14, -13/75 HPs)
             Began as a Spriggan Enchanter on July 11, 2023.
             Was a High Priest of Makhleb.
             Succumbed to Nessos's poison
             ... on level 1 of the Orcish Mines on July 12, 2023.
             The game lasted 01:40:23 (23340 turns).

Mahakala the Bewitcher (Spriggan Enchanter)        Turns: 23340, Time: 01:40:23

Health: -13/75     AC: 10    Str:  4    XL:     14   Next: 3%
Magic:  17/24      EV: 25    Int: 21    God:    Makhleb [*****.]
Gold:   1500       SH:  0    Dex: 16    Spells: 2/25 levels left

rFire   . . .        a - +1 dagger (elec)
rCold   . . .        (no shield)
rNeg    + . .        I - +5 steam dragon scales
rPois   .            (helmet restricted)
rElec   .            R - scarf {shadows}
rCorr   .            (gloves unavailable)
SInv    +            (boots unavailable)
Will    +++..        E - amulet of regeneration
Stlth   ++++         K - ring of positive energy
HPRegen 1.12/turn    l - ring of willpower
MPRegen 0.19/turn

%: no passive effects
@: lethally poisoned (-13 -> -52), very quick
A: very small, no large weapons, unfitting armour, see invisible, speed 3
a: Renounce Religion, Minor Destruction, Lesser Servant of Makhleb, Major
Destruction, Greater Servant of Makhleb


You were on level 1 of the Orcish Mines.
You worshipped Makhleb.
Makhleb was extremely pleased with you.
You visited 3 branches of the dungeon, and saw 18 of its levels.
You also visited: Sewer and Gauntlet.

You collected 1524 gold pieces.
You spent 24 gold pieces at shops.

Inventory:

Hand Weapons
 a - a +1 dagger of electrocution (weapon)
Missiles
 e - 3 datura-tipped darts {!f}
 y - a curare-tipped dart {!f}
 N - 39 poisoned darts
 O - 16 boomerangs
Armour
 I - +5 steam dragon scales (worn)
 L - a +0 cloak
 R - a scarf of shadows (worn)
Jewellery
 b - a ring of fire
 l - a ring of willpower (right hand)
 E - an amulet of regeneration (around neck)
 G - an amulet of guardian spirit
 K - a ring of positive energy (left hand)
Wands
 d - a wand of iceblast (2)
 u - a wand of paralysis (9)
 v - a wand of digging (1)
 x - a wand of quicksilver (8)
 z - a wand of polymorph (5)
Scrolls
 f - 5 scrolls of immolation
 g - a scroll of summoning
 i - a scroll of amnesia
 j - 10 scrolls of teleportation {@r4}
 o - a scroll of brand weapon
 p - a scroll of noise
 q - 4 scrolls of fear
 s - a scroll of revelation
 t - 3 scrolls of poison
 C - 4 scrolls of enchant armour
 D - 2 scrolls of vulnerability
 H - 2 scrolls of enchant weapon
 J - a scroll of silence {unknown}
 Q - a scroll of acquirement {unknown}
 S - 4 scrolls of blinking {@r3}
Potions
 c - 2 potions of invisibility
 h - 7 potions of mutation
 k - a potion of attraction
 m - 6 potions of lignification
 n - 8 potions of curing {@q1}
 r - 6 potions of brilliance
 w - 4 potions of magic
 A - 3 potions of cancellation
 B - 3 potions of haste {@q3}
 F - 4 potions of enlightenment
 M - 2 potions of heal wounds {@q2}
 P - 3 potions of might


   Skills:
 - Level 9.0 Fighting
 - Level 10.0 Short Blades
 - Level 12.0 Dodging
 - Level 10.0 Stealth
 - Level 6.0 Spellcasting
 - Level 0.4 Conjurations
 + Level 15.0 Hexes
 + Level 3.5 Summonings
 - Level 3.0 Translocations
 - Level 9.0 Transmutations
 - Level 2.0 Ice Magic
 - Level 5.0 Invocations
 - Level 8.0 Evocations


You had 2 spell levels left.
You knew the following spells:

 Your Spells              Type           Power      Damage    Failure   Level
a - Ensorcelled Hibernat  Hex/Ice        84%        N/A       1%          2
b - Confusing Touch       Hex            62%        N/A       1%          3
c - Tukima's Dance        Hex            62%        N/A       1%          3
d - Dazzling Flash        Conj/Hex       76%        N/A       1%          3
e - Apportation           Tloc           36%        N/A       2%          1
f - Slow                  Hex            100%       N/A       1%          1
g - Yara's Violent Unrav  Hex/Tmut       27%        3d12      1%          5
s - Summon Mana Viper     Hex/Summ       45%        N/A       6%          5

Your spell library contained the following spells:

 Spells                   Type           Power      Damage    Failure   Level
 Wereblood                Tmut           44%        N/A       1%          2
 Call Imp                 Summ           42%        N/A       3%          2
 Kiss of Death            Conj/Necr      28%        2d7       9%          1
 Magic Dart               Conj           32%        1d4       9%          1
 Sublimation of Blood     Necr           6%         N/A       14%         2
 Spider Form              Tmut/Pois      25%        N/A       4%          3
 Ozocubu's Armour         Ice            14%        N/A       13%         3
 Vhi's Electric Charge    Tloc/Air       24%        N/A       16%         3
 Petrify                  Tmut/Erth      25%        N/A       16%         4
 Mephitic Cloud           Conj/Pois/Air  6%         N/A       28%         3
 Irradiate                Conj/Tmut      13%        3d16      36%         5
 Alistair's Intoxication  Tmut/Pois      16%        N/A       38%         5
 Summon Forest            Summ/Tloc      10%        N/A       56%         5
 Dispel Undead            Necr           6%         3d8       67%         4
 Olgreb's Toxic Radiance  Pois           6%         N/A       67%         4
 Discord                  Hex            31%        N/A       80%         8
 Iskenderun's Battlesphe  Conj           8%         2d6       92%         5
 Arcjolt                  Conj/Air       3%         1d13      94%         5
 Summon Cactus Giant      Summ           10%        N/A       98%         6
 Leda's Unmaking          Conj/Erth      3%         9d1       100%        6
 Ozocubu's Refrigeration  Ice            7%         4d9       100%        7
 Spellforged Servitor     Conj/Summ      7%         N/A       100%        7
 Summon Hydra             Summ           10%        N/A       100%        7
 Ignition                 Fire           3%         3d4       100%        8
 Maxwell's Capacitive Co  Air            3%         ∞         100%        8


Dungeon Overview and Level Annotations

Branches:
Dungeon (11/15)            Temple (0/1) D:7            Lair (5/5) D:10
 Shoals (0/4) Lair:3       Spider (0/4) Lair:2        Slime (0/5) Lair:4
    Orc (2/2) D:11          Sewer (visited)         Gauntlet (visited)
    Elf: Orc:2

Altars:
Ashenzari
Cheibriados
Dithmenos
Elyvilon
Fedhas
Hepliaklqana
Kikubaaqudgha
Makhleb
Okawaru
Qazlal
Ru
Xom
Zin
The Shining One
Jiyva

Shops:
D:3 ?   D:10 (   Orc:2 [?

Annotations:
D:6 2 exclusions, Edmund, Menkaure
D:9 Lots of demons! Nutty!, exclusions: neqoxec, quasit, soul eater and 2 more exclusions
D:11 Fannar
Orc:2 Nessos


Innate Abilities, Weirdness & Mutations

You are very small and have problems with some larger weapons.
You are too small for most types of armour.
You have supernaturally acute eyesight. (SInv)
You cover ground extremely quickly. (Speed+++)


Message History

You skewer the orc wizard like a kebab!!!!
You kill the orc wizard!
Makhleb accepts your kill.
Aiming: Ensorcelled Hibernation (safe; 1% risk of failure)
Press: ? - help, Q - select action, (/) - cycle Shift-Dir - straight line, f - orc wizard
Aim: an orc wizard, wielding a +0 dagger and wearing a +0 robe (moderately wounded, chance to affect: 67%)
The orc wizard struggles to resist.
You hear the stately tolling of a bell.
The orc wizard hits you but does no damage.
You hit the orc wizard but do no damage.
Lightning courses through the orc wizard!
You kill the orc wizard!
Makhleb accepts your kill. The ogre completely misses you.
Your Hexes skill increases to level 15!
Nessos shoots an arrow.
The arrow hits you! The arrow burns you.
You are poisoned.
You feel sick.
Nessos shoots an arrow.
The arrow barely misses you.
You feel sick.
You feel sick.
Nessos shoots an arrow.
The arrow hits you! The arrow burns you.
You are more poisoned.
You feel very sick.
You feel very sick.
Nessos stands on their hind legs for a moment.
Nessos gestures wildly while chanting.
Nessos seems to speed up.
There is a stone staircase leading up here.
You feel very sick.
Nessos shoots an arrow.
The arrow hits you!
* * * LOW HITPOINT WARNING * * *
The arrow burns you.
You are more poisoned.
* * * LOW HITPOINT WARNING * * *
Nessos shoots an arrow.
The arrow hits you!!
* * * LOW HITPOINT WARNING * * *
The arrow burns you!
You are more poisoned.
* * * LOW HITPOINT WARNING * * *
You climb upwards.
You die...

#..........#...######.....##..##
...........##...##.#...#.......#
#.#.......###.................##
####.......#....##.....#.#.....#
##.##.....................#...##
#......................#.#...##
#..#...#................###.##
.......................## ###
#...............@......##
##.....#..#.............##
####.....................##
#.#.#.........#..##.#.#...#
.............#...###.....##
............#.#...#......#
....#..#....†....#)#....##
.#)###.#...)#.......#.###
.T..#......#.......####


There were no monsters in sight!

Vanquished Creatures
  A merfolk avatar (Lair:5)
  Erica (Lair:2)
  A boulder beetle (Lair:4)
  11 death yaks
  3 two-headed ogres
  A pharaoh ant (Lair:2)
  2 skysharks
  A sea snake (Lair:5)
  A cyclops (Orc:1)
  2 manticores
  16 elephants
  7 black mambas
  3 rime drakes
  Psyche (D:9)
  Maggie (D:6)
  10 cane toads
  A kobold demonologist (D:10)
  10 komodo dragons
  4 trolls
  3 polar bears
  5 dream sheep
  2 hornets
  3 tarantellas (Lair:2)
  7 blink frogs (Lair:2)
  Sigmund (D:2)
  A shadow (D:9)
  2 wraiths
  31 yaks
  2 wyverns
  A redback (Lair:2)
  9 steam dragons
  2 wargs
  2 acid dragons
  7 water moccasins
  2 sky beasts (D:7)
  A black bear (Lair:1)
  2 orc warriors
  2 ice beasts
  11 ogres
  4 wolves (Lair:4)
  8 centaurs
  7 kobold brigands
  11 bullfrogs
  3 scorpions
  2 gnoll sergeants (D:9)
  6 wights
  2 killer bees (D:9)
  An electric eel (Lair:3)
  A quasit (D:9)
  6 jellies
  5 hounds
  4 orc priests
  2 sleepcaps
  Natasha (thrice) (D:2)
  2 iguanas
  8 orc wizards
  20 hell rats
  A river rat (D:4)
  9 adders
  11 gnolls
  A white imp (D:8)
  An ufetubus (D:5)
  3 worms
  4 dart slugs
  28 orcs
  10 ball pythons
  4 bats
  7 endoplasms
  4 giant cockroaches
  11 goblins
  8 hobgoblins
  4 quokkas
  A frilled lizard (D:1)
  20 kobolds
  9 rats
404 creatures vanquished.

Vanquished Creatures (collateral kills)
  Robin (D:3)
1 creature vanquished.

Vanquished Creatures (others)
  A dancing weapon (D:3)
  An ogre (Orc:2)
2 creatures vanquished.

Grand Total: 407 creatures vanquished

Notes
Turn   | Place    | Note
-------+----------+-------------------------------------------
     0 | D:1      | Mahakala the Spriggan Enchanter began the quest for the
                  | Orb.
     0 | D:1      | Reached XP level 1. HP: 9/9 MP: 5/5
   249 | D:1      | Reached XP level 2. HP: 13/13 MP: 6/6
   252 | D:1      | Learned a level 2 spell: Ensorcelled Hibernation
   833 | D:2      | Reached XP level 3. HP: 16/16 MP: 8/8
   924 | D:2      | Noticed Sigmund
  1039 | D:2      | Reached skill level 4 in Hexes
  1148 | D:2      | Reached skill level 1 in Ice Magic
  1313 | D:2      | Noticed Natasha
  1374 | D:2      | Learned a level 3 spell: Confusing Touch
  1473 | D:2      | Killed Sigmund
  1474 | D:2      | Reached skill level 5 in Hexes
  1474 | D:2      | Reached XP level 4. HP: 23/23 MP: 4/9
  1474 | D:2      | Reached XP level 5. HP: 26/26 MP: 4/10
  1890 | D:2      | Killed Natasha
  2293 | D:2      | Noticed Natasha
  2299 | D:2      | Killed Natasha
  2300 | D:2      | Reached XP level 6. HP: 30/30 MP: 8/11
  2494 | D:2      | Noticed Natasha
  2504 | D:2      | Killed Natasha
  2505 | D:2      | Reached skill level 6 in Hexes
  2557 | D:3      | Found Virudun's Magic Scroll Emporium.
  2571 | D:3      | Bought a scroll of identify for 24 gold pieces
  3025 | D:3      | Found a faded altar of an unknown god.
  3030 | D:3      | Found a shadowy altar of Dithmenos.
  3195 | D:3      | Noticed Robin
  3272 | D:2      | Learned a level 3 spell: Tukima's Dance
  3749 | D:3      | Found Virudun's Magic Scroll Emporium.
  3863 | D:3      | Found a faded altar of an unknown god.
  3869 | D:3      | Found a shadowy altar of Dithmenos.
  4028 | D:3      | Killed Robin
  4029 | D:3      | Reached skill level 5 in Stealth
  4201 | D:4      | Found a glowing drain.
  4280 | Sewer    | Entered a sewer
  4880 | Sewer    | Reached XP level 7. HP: 35/35 MP: 7/12
  5107 | Sewer    | Learned a level 3 spell: Dazzling Flash
  5285 | Sewer    | Reached skill level 7 in Hexes
  5404 | Sewer    | Upgraded the game from 0.31-a0-236-g9a0961fb85 to
                  | 0.31-a0-237-g2d982f9f85
  5532 | Sewer    | Reached skill level 8 in Hexes
  5787 | D:4      | Found a burning altar of Makhleb.
  5802 | D:4      | Became a worshipper of Makhleb the Destroyer
  5985 | D:4      | Reached skill level 5 in Dodging
  5997 | D:4      | Reached skill level 1 in Invocations
  5997 | D:4      | Reached XP level 8. HP: 30/39 MP: 1/13
  6411 | D:4      | Found a hazy altar of Hepliaklqana.
  6439 | D:5      | Entered Level 5 of the Dungeon
  6649 | D:5      | Found a broken altar of Ashenzari.
  7073 | D:4      | Learned a level 1 spell: Apportation
  7155 | D:5      | Reached skill level 1 in Translocations
  7300 | D:5      | Reached * piety under Makhleb
  7991 | D:6      | Found a glowing silver altar of Zin.
  8048 | D:6      | Found a snail-covered altar of Cheibriados.
  8112 | D:6      | Noticed Maggie
  8129 | D:6      | Killed Maggie
  8130 | D:6      | Reached skill level 5 in Invocations
  8345 | D:6      | Found a white marble altar of Elyvilon.
  8346 | D:6      | Noticed Edmund
  8494 | D:6      | Reached XP level 9. HP: 44/44 MP: 11/14
  8714 | D:6      | Found an iron altar of Okawaru.
  8717 | D:6      | Noticed Menkaure
  9178 | D:7      | Found a staircase to the Ecumenical Temple.
  9485 | D:7      | Reached skill level 9 in Hexes
  9784 | D:8      | Reached skill level 10 in Hexes
  9848 | D:8      | Reached ** piety under Makhleb
 10172 | D:8      | Reached XP level 10. HP: 51/51 MP: 14/17
 10178 | D:8      | Reached skill level 5 in Fighting
 10475 | D:8      | Found a blossoming altar of Fedhas.
 10906 | D:9      | Identified the +3 great sword of Noon {speed, *Noise rN+
                  | rCorr}
 10911 | D:9      | Noticed a soul eater
 10940 | D:9      | Found an ancient bone altar of Kikubaaqudgha.
 11167 | D:9      | Noticed a two-headed ogre
 11249 | D:9      | Killed a two-headed ogre
 11629 | D:9      | Noticed Psyche
 11653 | D:9      | Killed Psyche
 11843 | D:9      | Found a sacrificial altar of Ru.
 11888 | D:9      | Reached skill level 11 in Hexes
 11995 | D:10     | Entered Level 10 of the Dungeon
 11995 | D:10     | Found a staircase to the Lair.
 12091 | D:10     | Noticed a two-headed ogre
 12130 | D:10     | Killed a two-headed ogre
 12131 | D:10     | Reached skill level 12 in Hexes
 12131 | D:10     | Noticed a soul eater
 12302 | D:10     | Reached XP level 11. HP: 58/58 MP: 11/18
 12491 | D:10     | Reached *** piety under Makhleb
 12545 | D:10     | Found a stormy altar of Qazlal.
 12565 | D:10     | Found a glowing golden altar of the Shining One.
 12630 | D:10     | Found Lirphoila's Antique Weapon Emporium.
 12913 | Lair:1   | Entered Level 1 of the Lair of Beasts
 13053 | Lair:1   | Reached skill level 5 in Short Blades
 13207 | Lair:1   | Got the Elucidation of Changes and the Wyrd
 14102 | Lair:2   | Noticed Erica
 14192 | Lair:2   | Noticed a death yak
 14193 | Lair:2   | Noticed a death yak
 14211 | Lair:2   | Noticed a death yak
 14218 | Lair:2   | Noticed a death yak
 14220 | Lair:2   | Noticed a death yak
 14221 | Lair:2   | Killed a death yak
 14242 | Lair:2   | Killed a death yak
 14243 | Lair:2   | Reached skill level 13 in Hexes
 14325 | Lair:1   | Killed a death yak
 14420 | Lair:1   | Killed a death yak
 14421 | Lair:1   | Reached skill level 14 in Hexes
 14593 | Lair:1   | Killed a death yak
 14646 | Lair:2   | Learned a level 1 spell: Slow
 15001 | Lair:2   | Noticed a pharaoh ant
 15074 | Lair:2   | Killed a pharaoh ant
 15075 | Lair:2   | Reached skill level 10 in Dodging
 15129 | Lair:2   | Found a hole to the Spider Nest.
 15141 | Lair:2   | Reached skill level 10 in Stealth
 15165 | Lair:2   | Reached XP level 12. HP: 63/63 MP: 13/19
 15588 | Lair:2   | Noticed a death yak
 15588 | Lair:2   | Noticed a death yak
 15588 | Lair:2   | Noticed a death yak
 15593 | Lair:2   | Noticed a death yak
 15596 | Lair:2   | Noticed a death yak
 15628 | Lair:2   | Killed a death yak
 15644 | Lair:2   | Noticed a death yak
 15832 | Lair:1   | Killed a death yak
 15833 | Lair:1   | Reached skill level 5 in Evocations
 15900 | Lair:1   | Killed a death yak
 16020 | Lair:1   | Killed a death yak
 16029 | Lair:1   | Killed a death yak
 16029 | Lair:1   | Reached **** piety under Makhleb
 16253 | Lair:1   | Killed a death yak
 16474 | Lair:2   | Killed Erica
 16548 | Lair:3   | Found a staircase to the Shoals.
 16969 | Lair:3   | Learned a level 5 spell: Yara's Violent Unravelling
 17003 | Lair:3   | Reached skill level 1 in Transmutations
 17705 | Lair:3   | Reached XP level 13. HP: 70/70 MP: 17/20
 17839 | Lair:3   | Reached skill level 5 in Transmutations
 18197 | Lair:4   | Reached ***** piety under Makhleb
 18513 | Lair:4   | Found a staircase to the Slime Pits.
 18526 | Lair:4   | Found a viscous altar of Jiyva.
 18824 | Lair:5   | Entered Level 5 of the Lair of Beasts
 19201 | Lair:5   | Paralysed by a hornet for 3 turns
 19526 | Lair:5   | Reached skill level 5 in Spellcasting
 19819 | Lair:5   | Reached skill level 10 in Short Blades
 20523 | Lair:5   | Learned a level 5 spell: Summon Mana Viper
 21088 | Lair:5   | Reached skill level 1 in Summonings
 21721 | D:11     | Found a staircase to the Orcish Mines.
 22026 | D:11     | Found a shimmering altar of Xom.
 22026 | D:11     | Found a shimmering altar of Xom.
 22027 | D:11     | Found a shimmering altar of Xom.
 22028 | D:11     | Found a shimmering altar of Xom.
 22029 | D:11     | Found a shimmering altar of Xom.
 22151 | D:11     | Noticed Fannar
 22187 | D:11     | Found a gate leading to a gauntlet.
 22211 | Gauntlet | Entered a Gauntlet
 22211 | Gauntlet | Found a transporter.
 22215 | Gauntlet | Found a transporter.
 22217 | Gauntlet | Noticed a quicksilver ooze
 22220 | Gauntlet | Found a transporter.
 22222 | Gauntlet | Found a transporter.
 22222 | Gauntlet | Found a transporter.
 22231 | Gauntlet | Found a transporter.
 22244 | Gauntlet | Found a transporter.
 22265 | Gauntlet | Found a transporter.
 22307 | Gauntlet | Found a transporter.
 22346 | Gauntlet | Found a transporter.
 22364 | Gauntlet | Found a transporter.
 22368 | Gauntlet | Found a transporter.
 22536 | Orc:1    | Entered Level 1 of the Orcish Mines
 23039 | Orc:2    | Entered Level 2 of the Orcish Mines
 23039 | Orc:2    | Noticed Nessos
 23039 | Orc:2    | Found Cyschiag's Armour Emporium.
 23039 | Orc:2    | Found Qufy's Magic Scroll Shoppe.
 23239 | Orc:1    | Reached XP level 14. HP: 61/75 MP: 16/24
 23333 | Orc:2    | Reached skill level 15 in Hexes
 23339 | Orc:2    | HP: 1/75 [Nessos/arrow (8)]
 23340 | Orc:1    | Succumbed to Nessos's poison

Illustrated notes

Levels and vault maps discovered:
D:1:      psy_arrival_statuary, layout_basic, chequers_serial_rivers_room_a
D:2:      layout_basic, uniq_sigmund, uniq_natasha
D:3:      layout_basic, nicolae_overflow_ecumenical_swirl, serial_shops, shop,
          minmay_stone_trees_small, uniq_robin
D:4:      layout_rooms, mainiacjoe_overflow_paths, lemuel_doored_altar,
          portal_sewer_entry_a
D:5:      layout_rooms, nicolae_ashenzari_panopticon
D:6:      nicolae_BIG_FREAKIN_CUBE, layout_basic, zin_treasury,
          lemuel_tele_altar, cheibriados_altar_1, okawaru_metal_pillars_3,
          hangedman_decor_lopped, uniq_menkaure, uniq_maggie, uniq_edmund
D:7:      layout_loops_ring, temple_green
D:8:      layout_cave_pools, mainiacjoe_overflow_surrounded_room,
          serial_column_ruins, column_ruins_columns_corner,
          column_ruins_open_medium_water, column_ruins_grid_1,
          column_ruins_grid_4, column_ruins_open_medium,
          column_ruins_open_medium, column_ruins_columns_straight
D:9:      minmay_recursive_quarters, layout_loops_ring,
          mainiacjoe_overflow_catwalk, nicolae_ru_path_of_blood,
          mainiacjoe_overflow_two_lobes, serial_demonic, serial_demonic_b,
          serial_demonic_d, serial_demonic_d, serial_demonic_d,
          serial_demonic_d, serial_demonic_c, serial_demonic_d, uniq_psyche
D:10:     layout_grid_maze, mainiacjoe_overflow_catwalk_spiral,
          lair_entry_dummy, serial_shops, nicolae_shop_hallway_plus
D:11:     wad_statue_garden, layout_loops_ring, david_orc_3,
          gauntlet_entry_generic, xom_redecorated, uniq_fannar
Lair:1:   layout_cave_pods
Lair:2:   layout_roguey, nicolae_spider_entry_lesser_pyramids, minivault_19,
          chequers_serial_rivers_micro_c, serial_bayou_crossing, uniq_erica
Lair:3:   layout_cave_pods, minmay_shoals_entry_centaurs,
          infiniplex_staircase_pool
Lair:4:   layout_long_grid, nicolae_slime_entry_field_trip, fungi_pond_lemuel,
          grunt_megastairs_1
Lair:5:   gammafunk_lair_ancient_temple, layout_layer_cave, lemuel_fruit_fields
Orc:1:    layout_caves
Orc:2:    st_orc_open, layout_caves, serial_shops, bzr_firewalk,
          nicolae_orc_lava_tube, hellmonk_bongcloud_opening, uniq_maurice,
          uniq_nessos

Skill      XL: |  1  2  3  4  5  6  7  8  9 10 11 12 13 14 |
---------------+-------------------------------------------+-----
Short Blades   | 2 4 7 10 | 10.0
Hexes          | 5 6 8 10 12 14 15 | 15.0
Ice Magic      | 1 2 |  2.0
Fighting       | 2 3 4 7 9 |  9.0
Dodging        | 4 5 6 8 9 10 12 | 12.0
Stealth        | 6 7 8 10 | 10.0
Invocations    | 1 5 |  5.0
Translocations | 3 |  3.0
Spellcasting   | 4 6 |  6.0
Evocations     | 3 4 8 |  8.0
Transmutations | 4 9 |  9.0
Summonings     | 3 |  3.5
Conjurations   | |  0.4

Action                     |  1- 3 |  4- 6 |  7- 9 | 10-12 | 13-15 || total
---------------------------+-------+-------+-------+-------+-------++-------
  Melee: Dagger            |    67 |   118 |   226 |   655 |   389 ||  1455
         Punch             |       |       |     6 |     6 |    10 ||    22
  Throw: Throwing net      |       |       |       |       |     1 ||     1
   Cast: Ensorcelled Hiber |    22 |    57 |   101 |   165 |   130 ||   475
         Tukima's Dance    |       |     2 |       |       |       ||     2
         Confusing Touch   |       |     1 |    17 |    40 |    19 ||    77
         Slow              |       |       |       |     4 |     3 ||     7
         Dazzling Flash    |       |       |       |     8 |       ||     8
  Evoke: Wand              |       |       |       |     3 |     2 ||     5
    Use: Scroll            |       |     3 |    10 |    15 |     1 ||    29
   Stab: Sleeping          |    27 |    41 |    72 |    77 |    79 ||   296
         Confused          |       |       |    19 |    43 |    22 ||    84
         Invisible         |       |       |       |     1 |       ||     1
         Held in net/web   |       |       |       |       |     2 ||     2
 Armour: Robe              |       |     9 |     8 |       |       ||    17
         Steam dragon scal |       |       |     5 |    83 |    41 ||   129
  Dodge: Dodged            |    29 |    74 |   138 |   473 |   300 ||  1014

Table legend: (Time is in decaauts)
 A = Elapsed time spent in this place.
 B = Non-inter-level travel time spent in this place.
 C = Inter-level travel time spent in this place.
 D = Time resting spent in this place.
 E = Time spent auto-exploring this place.
 F = Levels seen in this place.
 G = Mean time per level.
                   A        B        C        D        E       F      G
               +--------+--------+--------+--------+--------+-----+--------+
         Total |  17266 |  16622 |    644 |   4276 |   6140 |  20 |  863.3 |
       Dungeon |   8915 |   8568 |    347 |   2120 |   3541 |  11 |  810.5 |
          Lair |   6547 |   6261 |    286 |   1562 |   2249 |   5 | 1309.4 |
  Orcish Mines |    563 |    553 |     10 |    108 |    244 |   2 |  281.5 |
         Sewer |   1133 |   1133 |      0 |    486 |     48 |   1 | 1133.0 |
      Gauntlet |    106 |    106 |      0 |      0 |     57 |   1 |  106.0 |
               +--------+--------+--------+--------+--------+-----+--------+

Top non-repeatable levels by time:
  Lair:5: 1724 daAuts
  Lair:1: 1505 daAuts
     D:2: 1257 daAuts
  Lair:2: 1150 daAuts
  Lair:3: 1147 daAuts
   Sewer: 1133 daAuts
     D:3: 1115 daAuts
  Lair:4: 1019 daAuts
     D:4: 994 daAuts
     D:5: 989 daAuts
     D:8: 849 daAuts
     D:9: 758 daAuts
     D:7: 710 daAuts
    D:10: 648 daAuts
     D:6: 613 daAuts
